 Dungeon Crawl Stone Soup version 0.30-a0-585-g93115170b9 (webtiles) character file.

Game seed: 16298677714382859146

61 tangygnat the Firebug (level 4, -2/27 HPs)
             Began as an Octopode Fire Elementalist on Dec 31, 2022.
             Slain by a gnoll
             ... wielding a +0 whip
              (4 damage)
             ... on level 2 of the Dungeon on Jan 2, 2023.
             The game lasted 00:06:57 (1309 turns).

tangygnat the Firebug (Octopode Fire Elementalist)  Turns: 1309, Time: 00:06:58

Health: -2/27      AC:  1    Str:  7    XL:     4   Next: 7%
Magic:  3/7        EV: 13    Int: 19    God:
Gold:   30         SH:  0    Dex: 12    Spells: 7/8 levels left

rFire   . . .      SeeInvis .    (no weapon)
rCold   . . .      Faith    .    (no shield)
rNeg    . . .      Spirit   .    (helmet restricted)
rPois   .          Reflect  .    (no amulet)
rElec   .          Harm     .    (no ring)
rCorr   .          Rampage  .    (no ring)
Will    .....                    (no ring)
Stlth   +++                      (no ring)
HPRegen 0.24/turn                (no ring)
MPRegen 0.10/turn                (no ring)
                                 (no ring)
                                 (no ring)

@: no status effects
A: almost no armour, amphibious, 8 rings, camouflage 1, gelatinous body 1,
(nimble swimmer 1), tentacles
a: no special abilities


You were on level 2 of the Dungeon.
You visited 1 branch of the dungeon, and saw 2 of its levels.

You collected 30 gold pieces.

Inventory:

Scrolls
 d - 2 scrolls of amnesia {unknown}
 e - a scroll of teleportation {unknown}
Potions
 a - a potion of magic
 b - a potion of lignification {unknown}
 c - a potion of ambrosia {unknown}


   Skills:
 + Level 2.5 Dodging
 + Level 3.0 Stealth
 + Level 2.6 Spellcasting
 + Level 1.6 Conjurations
 + Level 3.6 Fire Magic


You had 7 spell levels left.
You knew the following spells:

 Your Spells              Type           Power      Damage    Failure   Level
a - Foxfire               Conj/Fire      48%        2x1d6     5%          1

Your spell library contained the following spells:

 Spells                   Type           Power      Damage    Failure   Level
 Scorch                   Fire           32%        2d6       5%          2
 Inner Flame              Hex/Fire       9%         N/A       22%         3
 Kindle Blastsparks       Fire/Tloc/Air  14%        2d11      28%         3
 Flame Wave               Conj/Fire      12%        2d6       47%         4


Dungeon Overview and Level Annotations

Branches:
Dungeon (2/15)

Altars:


Innate Abilities, Weirdness & Mutations

You cannot wear most types of armour.
You are amphibious.
You can wear up to eight rings at the same time.
Your skin changes colour to match your surroundings (Stealth+).
Your rubbery body absorbs attacks. (AC +1, EV +1)
((You are camouflaged when in or above water. (Stealth+)))
You have tentacles for arms and can constrict up to eight enemies at once.


Message History

The bat closely misses you. The quokka bites you.
You have reached level 4!
You miss the quokka. You grab the quokka.
You constrict the quokka, but do no damage.
The bat hits you but does no damage. The quokka closely misses you.
The quokka misses you.
You tentacle-slap the quokka.
The quokka is lightly wounded.
You constrict the quokka. The bat barely misses you.
The quokka closely misses you.
A gnoll comes into view. It is wielding a +0 halberd.
You tentacle-slap the quokka but do no damage.
The quokka is moderately wounded.
You constrict the quokka. The bat misses you. The quokka bites you.
You tentacle-slap the quokka but do no damage.
The quokka is heavily wounded.
You constrict the quokka, but do no damage.
The bat hits you but does no damage. The quokka bites you.
The gnoll hits you with a +0 whip.
* * * LOW HITPOINT WARNING * * *
The gnoll misses you.
You barely miss the quokka.
The quokka is heavily wounded.
You constrict the quokka. The bat hits you.
* * * LOW HITPOINT WARNING * * *
The quokka closely misses you. The gnoll barely misses you.
The gnoll misses you.
Casting: Foxfire (safe; 5% risk of failure)
Press: ? - help, Q - select action Dir - look around, f - activate You conjure some foxfire!
You constrict the quokka.
You kill the quokka!
The bat barely misses you.
The foxfire hits the bat.
You kill the bat!
The gnoll closely misses you. The gnoll barely misses you.
Casting: Foxfire (safe; 5% risk of failure)
Press: ? - help, Q - select action Dir - look around, f - activate You conjure some foxfire!
The gnoll barely misses you. The gnoll hits you with a +0 whip.
You die...

# #.# ..#.# #).#.# #.# #...
###..#.# #.# # #... ..#..#.# #.#
#. #...##.#..#.##.# # #.# .. #g.
......#.##.##.##.##.## #. #§#
#.##g#.##.##.^.w.....
####..#.####..#v#.##.########.##
..........†.†.g@................
####..#######.#v#.#..#...#....##
#............#.#..#.#........ #
####.......#.#........#.#.#
+.!.....#......#.#.....#
#.......#..........#.#..
#.......+...........†...
#.......#.####.....<...#
####...#..####.....#####


You could see 2 gnolls.

Vanquished Creatures
  A gnoll (D:2)
  A worm (D:2)
  2 dart slugs (D:1)
  2 bats
  4 endoplasms (D:1)
  A giant cockroach (D:1)
  3 goblins (D:1)
  4 hobgoblins
  6 jackals (D:1)
  A quokka (D:2)
  3 ball pythons (D:1)
  4 frilled lizards (D:1)
  5 kobolds (D:1)
  6 rats
43 creatures vanquished.

Vanquished Creatures (others)
  90 foxfires
90 creatures vanquished.

Grand Total: 133 creatures vanquished

Notes
Turn   | Place    | Note
-------+----------+-------------------------------------------
     0 | D:1      | tangygnat the Octopode Fire Elementalist began the quest
                  | for the Orb.
     0 | D:1      | Reached XP level 1. HP: 11/11 MP: 3/3
   287 | D:1      | Reached XP level 2. HP: 17/17 MP: 0/5
   708 | D:1      | Reached XP level 3. HP: 21/21 MP: 4/6
  1166 | D:1      | Upgraded the game from 0.30-a0-578-gdee14c521f to
                  | 0.30-a0-585-g93115170b9
  1303 | D:2      | Reached XP level 4. HP: 10/27 MP: 4/7
  1309 | D:2      | Slain by a gnoll

Illustrated notes

Levels and vault maps discovered:
D:1:      elethiomel_arrival_maze, layout_basic
D:2:      layout_basic, serial_glass, glass_columns_a, glass_columns_a,
          shapermc_ecumenical_altar_hornbeckon, st_stairs_1

Skill      XL: |  1  2  3 |
---------------+----------+-----
Stealth        | 3 |  3.0
Dodging        | |  2.5
Spellcasting   | |  2.6
Conjurations   | |  1.6
Fire Magic     | |  3.6

Action                   |  1- 3 |  4- 6 || total
-------------------------+-------+-------++-------
Melee: Unarmed           |    15 |     5 ||    20
       Tentacles         |     4 |       ||     4
       Constrict         |     5 |     1 ||     6
 Cast: Foxfire           |    63 |     2 ||    65
Armor: Skin              |     6 |     2 ||     8
Dodge: Dodged            |    48 |    13 ||    61

Table legend: (Time is in decaauts)
 A = Elapsed time spent in this place.
 B = Non-inter-level travel time spent in this place.
 C = Inter-level travel time spent in this place.
 D = Time resting spent in this place.
 E = Time spent auto-exploring this place.
 F = Levels seen in this place.
 G = Mean time per level.
                   A        B        C        D        E       F      G
               +--------+--------+--------+--------+--------+-----+--------+
         Total |   1308 |   1308 |      0 |    324 |    463 |   2 |  654.0 |
       Dungeon |   1308 |   1308 |      0 |    324 |    463 |   2 |  654.0 |
               +--------+--------+--------+--------+--------+-----+--------+

Top non-repeatable levels by time:
     D:1: 1173 daAuts
     D:2: 135 daAuts
